 Dungeon Crawl Stone Soup version 0.28.0-53-g5a82cb258f (webtiles) character file.

Game seed: 17152867405804387979

8911 Ashen the Chiller (level 11, -1/91 HPs)
             Began as a Demonspawn Ice Elementalist on July 10, 2022.
             Was a Believer of Vehumet.
             Killed by divine providence
             ... invoked by an orc priest
              (13 damage)
             ... on level 11 of the Dungeon on July 11, 2022.
             The game lasted 00:22:58 (14758 turns).

Ashen the Chiller (Demonspawn Ice Elementalist)    Turns: 14758, Time: 00:22:58

Health: -1/91      AC:  8    Str:  9    XL:     11   Next: 16%
Magic:  20/21      EV: 14    Int: 21    God:    Vehumet [**....]
Gold:   65         SH:  0    Dex: 13    Spells: 9/23 levels left

rFire   . . .      SeeInvis +     - Unarmed
rCold   . . .      Faith    .   (no shield)
rNeg    . . .      Spirit   .   w - +1 steam dragon scales
rPois   .          Reflect  .   (no helmet)
rElec   .          Harm     .   k - +0 cloak
rCorr   .          Rampage  .   (gloves unavailable)
Will    .....                   r - +0 pair of boots
Stlth   +++.......              (no amulet)
HPRegen 0.25/turn               o - ring of see invisible
MPRegen 0.17/turn               (no ring)

@: no status effects
A: claws 3, hooves 2, robust 1, demonic magic 2
a: Renounce Religion


You were on level 11 of the Dungeon.
You worshipped Vehumet.
Vehumet was pleased with you.
You visited 2 branches of the dungeon, and saw 12 of its levels.

You collected 505 gold pieces.
You spent 440 gold pieces at shops.

Inventory:

Armour
 k - a +0 cloak (worn)
 r - a +0 pair of boots (worn)
 w - +1 steam dragon scales (worn)
Jewellery
 i - an amulet of faith
 o - a ring of see invisible (left claw)
Wands
 f - a wand of iceblast (12)
 n - a wand of digging (4)
Scrolls
 a - 3 scrolls of teleportation
 g - a scroll of fog
 q - 2 scrolls of amnesia
 s - a scroll of magic mapping
 u - a scroll of enchant armour
 x - a scroll of blinking {unknown}
 y - 2 scrolls of enchant weapon
 z - a scroll of brand weapon
 A - 2 scrolls of identify
Potions
 b - 3 potions of lignification
 c - 2 potions of invisibility {unknown}
 d - a potion of attraction
 e - 2 potions of mutation
 h - a potion of degeneration
 j - 5 potions of heal wounds
 l - 4 potions of curing
 m - 4 potions of might
 p - 4 potions of flight {unknown}
 t - 2 potions of magic
 v - 3 potions of haste
 B - a potion of brilliance {unknown}


   Skills:
 + Level 6.9 Fighting
 + Level 6.9 Dodging
 + Level 7.4 Stealth
 + Level 6.1 Unarmed Combat
 + Level 6.9 Spellcasting
 + Level 7.6 Ice Magic


You had 9 spell levels left.
You knew the following spells:

 Your Spells              Type           Power      Damage    Failure   Level
a - Freeze                Ice            100%       1d11      1%          1
b - Frozen Ramparts       Ice            78%        1d9       1%          3
c - Ozocubu's Armour      Ice            39%        N/A       1%          3
d - Hailstorm             Conj/Ice       23%        3d7       19%         4
e - Spider Form           Tmut/Pois      7%         N/A       26%         3

Your spell library contained the following spells:

 Spells                   Type           Power      Damage    Failure   Level
 Poisonous Vapours        Pois/Air       14%        N/A       14%         2
 Beastly Appendage        Tmut           14%        N/A       9%          1
 Wereblood                Tmut           7%         N/A       14%         2
 Tukima's Dance           Hex            7%         N/A       26%         3
 Passage of Golubria      Tloc           7%         N/A       65%         4
 Yara's Violent Unravell  Hex/Tmut       3%         3d4       94%         5


Dungeon Overview and Level Annotations

Branches:
Dungeon (11/15)            Temple (1/1) D:5            Lair (0/6) D:8
    Orc: D:9-12

Altars:
Ashenzari
Cheibriados
Dithmenos
Elyvilon
Fedhas
Gozag
Hepliaklqana
Kikubaaqudgha
Makhleb
Nemelex Xobeh
Okawaru
Qazlal
Ru
Sif Muna
Trog
Uskayaw
Vehumet
Wu Jian
Xom
Yredelemnul
Zin
The Shining One

Shops:
D:2 **([   D:10 =

Portals:
Trove: D:10 (show abyssal rune of Zot)

Annotations:
D:9 exclusion: orange crystal statue
D:10 exclusions: ice statue and orange crystal statue


Innate Abilities, Weirdness & Mutations

You have claws for hands.
You have hoof-like feet.
You are robust. (+10% HP)
Spells you cast may paralyse nearby enemies.


Message History

Vehumet accepts your kill.
You feel your power returning.
Your icy armour cracks and falls away as you move.
Magic restored.
There is an open door here.
B - a bubbling cyan potion An orc comes into view.
It is wielding a +0 club.
An orc is nearby!
A five-headed hydra, an orc wizard, an orc priest and an orc come into view.
Found a stone staircase leading up and a stone staircase leading down.
The orc wizard shouts!
The orc shouts!
The cyclops shouts!
The orc hits you with a +0 club.
The cyclops throws a large rock.
The large rock hits you!!
The orc priest shouts!
The five-headed hydra roars!
You scratch the orc.
The orc is moderately wounded.
The orc priest looks braver for a moment.
The cyclops throws a large rock.
The large rock hits you!
You barely miss the five-headed hydra.
Casting: Frozen Ramparts (safe; 1% risk of failure)
Confirm with . or Enter, or press ? or * to list all spells.
Aiming: Freeze (safe; 1% risk of failure)
Press: ? - help, Shift-Dir - straight line, f - five-headed hydra
Aim: a five-headed hydra You freeze the five-headed hydra.
The five-headed hydra is lightly wounded.
Malevolent energies surge around you. The five-headed hydra bites you! x2
The five-headed hydra barely misses you.
The five-headed hydra bites you! The five-headed hydra bites you.
The five-headed hydra barely misses you.
The five-headed hydra completely misses you.
The five-headed hydra closely misses you.
The five-headed hydra bites you!
* * * LOW HITPOINT WARNING * * *
The five-headed hydra bites you!
* * * LOW HITPOINT WARNING * * *
The orc priest mumbles some strange prayers to Beogh against you.
Beogh smites you!
You die...

####
#..............#
#......≈.......#
#.....≈≈≈≈.....##
#......≈≈≈......#
#......≈≈.......#
##''.....(......#
#.#............#
#####'##...........#
#...C..#.@.........#
#>..o..#.#.....#####
#<.....#D#.....#
#...oo.o.#.....#
################


You could see a five-headed hydra and an orc priest.

Vanquished Creatures
  A vault guard (D:10)
  2 two-headed ogres
  A manticore (D:8)
  A shadow (D:11)
  Sigmund (D:4)
  A wyvern (D:8)
  9 yaks
  2 basilisks (D:8)
  7 vampire mosquitoes
  Menkaure (D:4)
  2 steam dragons (D:8)
  4 orc warriors
  2 water moccasins (D:8)
  2 sky beasts
  A black bear (D:7)
  A hornet zombie (D:8)
  An ogre (D:6)
  2 centaurs
  A phantom (D:4)
  3 kobold brigands
  A wyvern zombie (D:9)
  2 scorpions
  A water moccasin skeleton (D:7)
  A wyvern skeleton (D:7)
  13 wights
  2 howler monkeys
  A bullfrog zombie (D:5)
  5 centaur zombies
  A hound (D:3)
  Crazy Yiuf (D:2)
  A centaur skeleton (D:7)
  A bullfrog skeleton (D:5)
  2 orc priests
  An iguana (D:8)
  Jessica (D:2)
  Natasha (thrice) (D:3)
  4 orc wizards (D:9)
  A killer bee zombie (D:4)
  A howler monkey skeleton (D:6)
  5 adders
  A shadow imp (D:5)
  A white imp (D:5)
  An ufetubus (D:6)
  3 adder skeletons
  5 worms
  5 dart slugs
  14 orcs
  8 ball pythons
  2 bats
  8 endoplasms
  8 giant cockroaches
  10 goblins
  8 hobgoblins
  4 jackals (D:4)
  5 quokkas
  5 frilled lizards
  22 kobolds
  18 rats
221 creatures vanquished.

Vanquished Creatures (others)
  3 fungi (D:8)
  37 plants
40 creatures vanquished.

Grand Total: 261 creatures vanquished

Notes
Turn   | Place    | Note
-------+----------+-------------------------------------------
     0 | D:1      | Ashen the Demonspawn Ice Elementalist began the quest for
                  | the Orb.
     0 | D:1      | Reached XP level 1. HP: 13/13 MP: 3/3
     1 | D:1      | Found a runed translucent door.
   237 | D:1      | Discovered your monstrous ancestry.
   237 | D:1      | Gained mutation: You have sharp fingernails. [demonic
                  | ancestry]
   237 | D:1      | Reached XP level 2. HP: 20/20 MP: 3/5
   891 | D:1      | Reached skill level 1 in Fighting
   987 | D:1      | Gained mutation: You have very sharp fingernails. [demonic
                  | ancestry]
   987 | D:1      | Reached XP level 3. HP: 26/26 MP: 6/6
  1534 | D:1      | Learned a level 3 spell: Frozen Ramparts
  1607 | D:2      | Found a shimmering altar of Xom.
  1637 | D:2      | Found Suhaocs's General Store.
  1737 | D:2      | Reached XP level 4. HP: 25/32 MP: 4/7
  1861 | D:2      | Found Pity's Antique Armour Shoppe.
  2019 | D:2      | Noticed Jessica
  2024 | D:2      | Killed Jessica
  2503 | D:2      | Found Bitruydd's Weapon Boutique.
  2507 | D:2      | Found Gokocuask's General Store.
  2520 | D:2      | Bought a potion of heal wounds for 70 gold pieces
  2563 | D:2      | Found a runed translucent door.
  2564 | D:2      | Noticed Crazy Yiuf
  2678 | D:2      | Killed Crazy Yiuf
  2679 | D:2      | Gained mutation: You have claws for hands. [demonic
                  | ancestry]
  2679 | D:2      | Reached XP level 5. HP: 2/38 MP: 2/9
  3043 | D:3      | Learned a level 3 spell: Ozocubu's Armour
  3421 | D:3      | Noticed Natasha
  3427 | D:3      | Killed Natasha
  3586 | D:3      | Found a faded altar of an unknown god.
  3640 | D:3      | Noticed Natasha
  3648 | D:3      | Killed Natasha
  3676 | D:3      | Noticed Natasha
  3681 | D:3      | Killed Natasha
  3682 | D:3      | Reached skill level 1 in Unarmed Combat
  3893 | D:3      | Gained mutation: Spells you cast may paralyse adjacent
                  | enemies. [demonic ancestry]
  3893 | D:3      | Reached XP level 6. HP: 36/44 MP: 10/10
  5190 | D:4      | Noticed Sigmund
  5203 | D:4      | Killed Sigmund
  5271 | D:4      | Gained mutation: You have large cloven feet. [demonic
                  | ancestry]
  5271 | D:4      | Reached XP level 7. HP: 29/51 MP: 8/12
  5486 | D:4      | Noticed Menkaure
  5504 | D:4      | Killed Menkaure
  6195 | D:5      | Entered Level 5 of the Dungeon
  6775 | D:5      | Found a staircase to the Ecumenical Temple.
  7508 | Temple   | Entered the Ecumenical Temple
  7613 | Temple   | Became a worshipper of Vehumet
  7737 | D:6      | Reached skill level 5 in Ice Magic
  7737 | D:6      | Gained mutation: You have hoof-like feet. [demonic
                  | ancestry]
  7737 | D:6      | Reached XP level 8. HP: 49/58 MP: 6/14
  8853 | D:7      | Reached skill level 5 in Stealth
  9359 | D:8      | Gained mutation: Spells you cast may paralyse nearby
                  | enemies. [demonic ancestry]
  9359 | D:8      | Reached XP level 9. HP: 42/66 MP: 8/16
  9360 | D:8      | Reached skill level 5 in Spellcasting
  9362 | D:8      | Reached skill level 5 in Dodging
  9367 | D:8      | Reached * piety under Vehumet
  9367 | D:8      | Offered knowledge of Foxfire by Vehumet.
  9369 | D:8      | Reached skill level 5 in Fighting
  9634 | D:8      | Found a staircase to the Lair.
 10287 | D:8      | Found a sparkling altar of Nemelex Xobeh.
 10409 | D:8      | Noticed a manticore
 10421 | D:8      | Killed a manticore
 10422 | D:8      | Reached XP level 10. HP: 42/76 MP: 11/18
 10655 | D:8      | Noticed a two-headed ogre
 10666 | D:8      | Killed a two-headed ogre
 10667 | D:8      | Reached skill level 5 in Unarmed Combat
 11831 | D:9      | Learned a level 4 spell: Hailstorm
 11835 | D:9      | Learned a level 3 spell: Spider Form
 12066 | D:9      | Noticed an orange crystal statue
 12402 | D:2      | Bought a potion of curing for 42 gold pieces
 12402 | D:2      | Bought 2 potions of heal wounds for 140 gold pieces
 12402 | D:2      | Bought a potion of haste for 140 gold pieces
 12423 | D:2      | Bought a potion of might for 48 gold pieces
 12609 | D:10     | Entered Level 10 of the Dungeon
 12714 | D:9      | Reached ** piety under Vehumet
 12714 | D:9      | Offered knowledge of Poisonous Vapours by Vehumet.
 13008 | D:10     | Noticed a two-headed ogre
 13064 | D:10     | Killed a two-headed ogre
 13375 | D:10     | Found Noclal's Jewellery Shop.
 13438 | D:10     | Gained mutation: You are robust. (+10% HP) [demonic
                  | ancestry]
 13438 | D:10     | Reached XP level 11. HP: 77/91 MP: 14/21
 13632 | D:10     | Noticed an orange crystal statue
 13967 | D:10     | Noticed a vault guard
 14020 | D:10     | Killed a vault guard
 14349 | D:10     | Found a portal to a secret trove of treasure.
 14752 | D:11     | Noticed a five-headed hydra
 14758 | D:11     | Killed from afar by an orc priest

Illustrated notes

Levels and vault maps discovered:
D:1:      dpeg_arrival_caged_fury, layout_loops_cross, serial_forest,
          infiniplex_forest_lined_ring, infiniplex_forest_clump_long,
          infiniplex_forest_straight_3, infiniplex_forest_lined_4_way,
          infiniplex_forest_lined_2, infiniplex_forest_end_2,
          infiniplex_forest_straight_5, minmay_rat_gold_closets
D:2:      layout_rooms, serial_shops, shop, shop, shop, shop, basic_altar,
          kennysheep_cross_room, uniq_crazy_yiuf_cottage, uniq_jessica
D:3:      layout_basic, cheibrodos_sewer_entry_bend,
          chequers_ecumenical_altar_simple_redux, uniq_natasha
D:4:      layout_layer_cave, uniq_sigmund, uniq_menkaure
D:5:      layout_layer_cave, minmay_temple_entry_overgrown
D:6:      layout_basic
D:7:      layout_rooms, minivault_22, kennysheep_boxes
D:8:      minmay_angry_zag, layout_loops_ring, mainiacjoe_overflow_brackets,
          minmay_lair_entry_grove
D:9:      minmay_statue_hallways, layout_rooms
D:10:     minmay_separated_statues, layout_rooms, enter_trove_5, serial_shops,
          kennysheep_mini
D:11:     layout_basic, uniq_urug, uniq_erolcha
Temple:   kilobyte_greek_temple

Skill      XL: |  1  2  3  4  5  6  7  8  9 10 11 |
---------------+----------------------------------+-----
Stealth        | 2 3 4 5 6 7 |  7.4
Dodging        | 2 3 4 5 6 |  6.9
Fighting       | 1 2 3 4 5 6 |  6.9
Ice Magic      | 4 5 6 7 |  7.6
Unarmed Combat | 1 2 3 4 5 6 |  6.1
Spellcasting   | 3 4 5 6 |  6.9

Action                   |  1- 3 |  4- 6 |  7- 9 | 10-12 || total
-------------------------+-------+-------+-------+-------++-------
Melee: Unarmed           |    63 |   125 |   188 |   192 ||   568
       Punch             |       |     4 |     5 |     4 ||    13
       Kick              |       |       |    64 |    37 ||   101
 Cast: Freeze            |    34 |    44 |     5 |     8 ||    91
       Frozen Ramparts   |     2 |     4 |    17 |    10 ||    33
       Ozocubu's Armour  |       |     4 |    19 |    20 ||    43
       Spider Form       |       |       |       |     7 ||     7
       Hailstorm         |       |       |       |     1 ||     1
  Use: Scroll            |       |     4 |       |    11 ||    15
       Potion            |       |       |     1 |       ||     1
 Stab: Sleeping          |    11 |     9 |     3 |     6 ||    29
       Paralysed         |       |    14 |    24 |    26 ||    64
Armor: Robe              |    10 |    19 |    43 |     8 ||    80
       Steam dragon scal |       |       |       |    41 ||    41
Dodge: Dodged            |    42 |    97 |   134 |   136 ||   409
